 Dungeon Crawl Stone Soup version 0.28.0-47-ge53b351184 (webtiles) character file.

Game seed: 8199477994298894303

107 Zeld the Shield-Bearer (level 4, -8/29 HPs)
             Began as a Gargoyle Fighter on Apr 28, 2022.
             Mangled by Crazy Yiuf
             ... wielding a +3 quarterstaff of chaos
              (11 damage)
             ... on level 3 of the Dungeon.
             The game lasted 00:04:35 (3270 turns).

Zeld the Shield-Bearer (Gargoyle Fighter)           Turns: 3270, Time: 00:04:36

Health: -8/29      AC: 13    Str: 22    XL:     4   Next: 85%
Magic:  4/4        EV:  9    Int:  8    God:
Gold:   73         SH:  4    Dex:  9    Spells: 3/3 levels left

rFire   . . .      SeeInvis .   a - +0 flail
rCold   . . .      Faith    .   q - +0 buckler
rNeg    + . .      Spirit   .   b - +0 scale mail
rPois   ∞          Reflect  .   (no helmet)
rElec   +          Harm     .   (no cloak)
rCorr   .          Rampage  .   (no gloves)
Will    .....                   r - +2 pair of boots
Stlth   ..........              (no amulet)
HPRegen 0.09/turn               (no ring)
MPRegen 0.09/turn               (no ring)

@: mighty, slowed, invisible, very slow
A: sickness immunity, AC +3, negative energy resistance 1, electricity
resistance, torment resistance 1, petrification resistance
a: no special abilities


You were on level 3 of the Dungeon.
You visited 1 branch of the dungeon, and saw 3 of its levels.

You collected 73 gold pieces.

Inventory:

Hand Weapons
 a - a +0 flail (weapon)
Armour
 b - a +0 scale mail (worn)
 q - a +0 buckler (worn)
 r - a +2 pair of boots (worn)
Scrolls
 c - 2 scrolls of brand weapon {unknown}
 f - 2 scrolls of enchant weapon {unknown}
 g - a scroll of noise {unknown}
 i - a scroll of identify {unknown}
 j - a scroll of vulnerability {unknown}
 k - a scroll of amnesia {unknown}
 o - a scroll of enchant armour {unknown}
 p - a scroll of blinking {unknown}
 s - a scroll of teleportation {unknown}
Potions
 e - 5 potions of curing {unknown}
 h - a potion of magic {unknown}
 l - a potion of degeneration {unknown}
 m - a potion of berserk rage {unknown}
 n - a potion of lignification {unknown}


   Skills:
 * Level 3.9 Fighting
 * Level 2.9 Maces & Flails
 + Level 3.6 Armour
 + Level 0.7 Dodging
 + Level 1.4 Stealth
 * Level 4.1 Shields


You had 3 spell levels left.
You didn't know any spells.
Your spell library was empty.

Dungeon Overview and Level Annotations

Branches:
Dungeon (3/15)

Altars:

Annotations:
D:3 2 transporters, BobtheKiller's ghost, weakling TrMo; Crazy Yiuf


Innate Abilities, Weirdness & Mutations

You are immune to sickness and miasma.
Your stone body is resilient. (AC +3)
You are immune to poison.
You resist negative energy. (rN+)
You are resistant to electric shocks. (rElec)
You are resistant to unholy torment.
You are immune to petrification.


Message History

Crazy Yiuf is lightly wounded.
Crazy Yiuf hits you with a +3 quarterstaff of chaos!
Crazy Yiuf freezes you.
Crazy Yiuf hits you with a +3 quarterstaff of chaos!
* * * LOW HITPOINT WARNING * * *
Crazy Yiuf burns you.
* * * LOW HITPOINT WARNING * * *
Crazy Yiuf says, "Tosser!"
Crazy Yiuf screams, "Sif Muna Hive noodlescoop!"
Crazy Yiuf screams, "Prologue forty-two childish!"
Crazy Yiuf says, "Paint!
Lugonu song action."
You see here 6 stones.
Crazy Yiuf laughs, "Iron sallow unthinkable!"
You see here 6 stones.
Crazy Yiuf hits you with a +3 quarterstaff of chaos.
* * * LOW HITPOINT WARNING * * *
You feel yourself slow down.
Crazy Yiuf yells, "Gum broken cloud!"
Crazy Yiuf barely misses you.
You feel very mighty all of a sudden. Crazy Yiuf hits you but does no damage.
You are confused.
Crazy Yiuf says, "Crazy?
Crazy!?
PORCUPINE!"
Crazy Yiuf hits you with a +3 quarterstaff of chaos.
* * * LOW HITPOINT WARNING * * *
You fade into invisibility!
You sock Crazy Yiuf!
Crazy Yiuf is severely wounded.
You feel less confused.
Crazy Yiuf grits, "Line!
Lay stair blue."
You block Crazy Yiuf's attack. Crazy Yiuf barely misses you.
Unknown command.
You closely miss Crazy Yiuf.
Crazy Yiuf is severely wounded.
Crazy Yiuf hits you but does no damage. Crazy Yiuf closely misses you.
Unknown command.
You barely miss Crazy Yiuf.
Crazy Yiuf is severely wounded.
Crazy Yiuf hits you with a +3 quarterstaff of chaos!
You die...

...#.######.######.#...........#
##.#.# #.# #.#..##...###.# #.#.#
#.# #.#####....##### #.#.# #.#
#.# #....# #.# #.#.# #.######.##
♣....♣ #.# #.#.# #.#.......#
♣♣...♣ #.# #.#.######.#.###(..#
♣♣.♣♣ #.# ##.#.#......#.###...#
♣♣.♣ #.# ................@.>##
♣.♣♣ #.# ##.#..........###g.#
♣♣.♣ #.# ##+###.######..##..##
♣.♣♣ #(. ....##..............#
#'# #.. ....##..######..#...#
... #.. ....##..# ##.##..# #...#
##. ....##..# #.##..# #)..# #.
....##..# #..#..# ##### #.
##..##..# ##.#..# #.


You could see Crazy Yiuf.

Vanquished Creatures
  A centaur skeleton (D:2)
  3 adders
  3 orcs (D:3)
  10 bats
  5 endoplasms
  3 giant cockroaches
  5 goblins (D:1)
  A hobgoblin (D:2)
  4 quokkas
  2 ball pythons (D:1)
  3 frilled lizards
  3 kobolds
  3 rats (D:1)
46 creatures vanquished.

Notes
Turn   | Place    | Note
-------+----------+-------------------------------------------
     0 | D:1      | Zeld the Gargoyle Fighter began the quest for the Orb.
     0 | D:1      | Reached XP level 1. HP: 14/14 MP: 1/1
   215 | D:1      | Reached XP level 2. HP: 18/19 MP: 2/2
   687 | D:1      | Reached XP level 3. HP: 22/23 MP: 3/3
   891 | D:2      | Reached skill level 1 in Stealth
  1010 | D:2      | Reached XP level 4. HP: 25/29 MP: 4/4
  1135 | D:2      | Reached skill level 4 in Shields
  2037 | D:3      | Found a transporter.
  2041 | D:3      | Noticed BobtheKiller's ghost (weakling TrMo)
  2057 | D:3      | Found a transporter.
  2262 | D:3      | Found a runed translucent door.
  2263 | D:3      | Noticed Crazy Yiuf
  2426 | D:3      | HP: 1/29 [orc/+0 trident (3)]
  3270 | D:3      | Mangled by Crazy Yiuf

Illustrated notes

Levels and vault maps discovered:
D:1:      dpeg_arrival_refuge, layout_rooms
D:2:      layout_loops_corners, minmay_pentomino_z2
D:3:      layout_basic, gammafunk_ghost_stat_death, grunt_ministairs_14,
          uniq_crazy_yiuf_cottage

Skill      XL: |  1  2  3  4 |
---------------+-------------+-----
Stealth        | 1 |  1.4
Shields        | 4 |  4.1
Fighting       | |  3.9
Maces & Flails | |  2.9
Armour         | |  3.6
Dodging        | |  0.7

Action                   |  1- 3 |  4- 6 || total
-------------------------+-------+-------++-------
Melee: Flail             |   109 |    79 ||   188
  Use: Potion            |       |     1 ||     1
Armor: Scale mail        |    76 |    52 ||   128
Dodge: Dodged            |    74 |    43 ||   117
Block: Buckler           |    22 |    15 ||    37
